 Dungeon Crawl Stone Soup version 0.30.1 (webtiles) character file.

Game seed: 13492854918260906603

8 spardeous the Ducker (level 2, -3/11 HPs)
             Began as a Felid Earth Elementalist on July 9, 2023.
             Killed by nerve-wracking pain
             ... invoked by a shadow imp
              (14 damage)
             ... on level 3 of the Dungeon.
             The game lasted 00:01:10 (446 turns).

spardeous the Ducker (Felid Earth Elementalist)      Turns: 446, Time: 00:01:11

Health: -3/11      AC:  1    Str:  4    XL:     2   Next: 0%
Magic:  4/6        EV: 18    Int: 16    God:
Gold:   51         SH:  0    Dex: 16    Spells: 4/5 levels left
                                        Lives:  0   Deaths: 0

rFire   . . .        (weapon unavailable)
rCold   . . .        (shield unavailable)
rNeg    . . .        (body armour unavailable)
rPois   .            (helmet unavailable)
rElec   .            (cloak unavailable)
rCorr   .            (gloves unavailable)
SInv    +            (boots unavailable)
Will    .....        (no amulet)
Stlth   ++           (no ring)
HPRegen 0.21/turn    (no ring)
MPRegen 0.10/turn

%: no passive effects
@: quick
A: very small, claws 1, fangs 3, see invisible, speed 1, shaggy fur 1, stealthy
paws, no weapons or thrown items, no armour, multi-lived
a: no special abilities


You were on level 3 of the Dungeon.
You visited 1 branch of the dungeon, and saw 4 of its levels.

You collected 51 gold pieces.

Inventory:

Jewellery
 b - a ring of ice
Scrolls
 e - a scroll of blinking {unknown}
 f - 2 scrolls of identify {unknown}
 g - a scroll of silence {unknown}
 h - a scroll of vulnerability {unknown}
 i - a scroll of noise {unknown}
Potions
 a - a potion of magic
 c - a potion of berserk rage {unknown}
 d - a potion of might {unknown}


   Skills:
 + Level 3.2 Dodging
 - Level 2.6 Stealth
 - Level 2.0 Spellcasting
 - Level 1.1 Transmutations
 + Level 3.0 Earth Magic


You had 4 spell levels left.
You knew the following spells:

 Your Spells              Type           Power      Damage    Failure   Level
a - Sandblast             Erth           22%        2d7       6%          1

Your spell library contained the following spells:

 Spells                   Type           Power      Damage    Failure   Level
 Passwall                 Tmut/Erth      6%         N/A       14%         2
 Stone Arrow              Conj/Erth      12%        3d7       32%         3
 Petrify                  Tmut/Erth      8%         N/A       65%         4


Dungeon Overview and Level Annotations

Branches:
Dungeon (4/15)
 Temple: D:4-7

Altars:


Innate Abilities, Weirdness & Mutations

You have sharp claws.
You have razor-sharp teeth.
You have supernaturally acute eyesight. (SInv)
You cover ground quickly. (Speed+)
You are covered in fur. (AC +1)
Your paws help you pounce on unaware monsters.
You are incapable of wielding weapons or throwing items.
You cannot wear armour.
You gain extra lives every three experience levels.


Message History

f - 2 scrolls labelled BALAERUMNY (gained 1)
You open the door.
A shadow imp comes into view.
Found 7 gold pieces.
The shadow imp shouts!
There is an open door here.
An orc comes into view. It is wielding a +0 dagger.
Casting: Sandblast (safe; 6% risk of failure)
Confirm with . or Enter, or press ? or * to list all spells.
Okay, then.
There is an open door here.
Casting: Sandblast (safe; 6% risk of failure)
Confirm with . or Enter, or press ? or * to list all spells.
Aiming: Sandblast (safe; 6% risk of failure)
Press: ? - help, Shift-Dir - straight line, f - shadow imp
Aim: a shadow imp (80% to hit)
The blast of sand hits the shadow imp but does no damage.
Casting: Sandblast (safe; 6% risk of failure)
Confirm with . or Enter, or press ? or * to list all spells.
Aiming: Sandblast (safe; 6% risk of failure)
Press: ? - help, Shift-Dir - straight line, f/p - shadow imp
Aim: a shadow imp (80% to hit)
The blast of sand hits the shadow imp but does no damage.
The shadow imp gestures at you.
You barely resist.
There is a stone staircase leading up here.
Casting: Sandblast (safe; 6% risk of failure)
Confirm with . or Enter, or press ? or * to list all spells.
Aiming: Sandblast (safe; 6% risk of failure)
Press: ? - help, Shift-Dir - straight line, f/p - shadow imp
Aim: a shadow imp (80% to hit)
The blast of sand hits the shadow imp but does no damage.
The shadow imp misses you.
You climb upwards.
There is a stone staircase leading down here.
The shadow imp barely misses you. The shadow imp gestures at you.
Pain shoots through your body!
Ouch! That really hurt!
You die...

#..#.# #.. #.# .. #.#
.# #.### ##.# #...#
######..# #...#
#...>..# #...# #
#.##.5.#####.###
#.#......@.....######..
#.#......<.............
#.................####
###.#########...(.###
#.# ####....##
######'##### ##.#..#
#..........# #.##...#
#..........# #.####....
#..........# #.# ....


You could see a shadow imp.

Vanquished Creatures
  3 endoplasms
  2 hobgoblins
  2 frilled lizards
7 creatures vanquished.

Notes
Turn   | Place    | Note
-------+----------+-------------------------------------------
     0 | D:1      | spardeous the Felid Earth Elementalist began the quest for
                  | the Orb.
     0 | D:1      | Reached XP level 1. HP: 7/7 MP: 4/4
   377 | D:3      | Reached XP level 2. HP: 11/11 MP: 1/6
   446 | D:3      | Killed from afar by a shadow imp

Illustrated notes

Levels and vault maps discovered:
D:1:      lightli_arrival_maybe_door_vault, layout_basic, serial_bayou_lake_a
D:2:      layout_loops_cross, dreamdust_ecumenical_altar_grove,
          bh_walls_and_bars
D:3:      layout_basic, marbit_many_paths
D:4:      layout_loops_corners, old_standard_altar, grunt_gozag_breadcrumbs,
          mainiacjoe_overflow_divided_tiny, uniq_crazy_yiuf_cottage

Skill      XL: |  1 |
---------------+----+-----
Dodging        | 3 |  3.2
Earth Magic    | 3 |  3.0
Stealth        | |  2.6
Spellcasting   | |  2.0
Transmutations | |  1.1

Action                     || total
---------------------------++-------
  Melee: Unarmed           ||     1
   Cast: Sandblast         ||    16
  Dodge: Dodged            ||     6
